 Dungeon Crawl Stone Soup version 0.21.1-1-g345015fe64 (webtiles) character file.

182 Gargoyl the Distorting Centaur (level 5, -9/46 HPs)
             Began as a Centaur Abyssal Knight on July 29, 2018.
             Was a Believer of Lugonu.
             Mangled by a gnoll
             ... wielding a +0 flail
              (11 damage)
             ... on level 3 of the Dungeon.
             The game lasted 00:03:18 (2372 turns).

Gargoyl the Distorting Centaur (CeAK)               Turns: 2372, Time: 00:03:19

Health: -9/46      AC:  9    Str: 15    XL:     5   Next: 34%
Magic:  7/7        EV:  3    Int: 11    God:    Lugonu [**....]
Gold:   95         SH:  2    Dex:  9    Spells: 4/4 levels left

rFire    . . .     SeeInvis .   a - +1 hand axe
rCold    . . .     Gourm    .   d - +0 buckler
rNeg     . . .     Faith    .   e - +0 chain mail
rPois    .         Spirit   .   h - +0 helmet
rElec    .         Reflect  .   (no cloak)
rCorr    .         Harm     .   (no gloves)
MR       .....                  (no barding)
Stlth    ..........             (no amulet)
HPRegen  0.15/turn              (no ring)
MPRegen  0.10/turn              (no ring)

@: very quick
A: large, hooves 3, deformed body, speed 2, tough skin 3
a: Depart the Abyss, Bend Space, Renounce Religion


You were on level 3 of the Dungeon.
You worshipped Lugonu.
Lugonu was pleased with you.
You were not hungry.

You visited 1 branch of the dungeon, and saw 3 of its levels.
You visited the Abyss 1 time.

You collected 95 gold pieces.

Inventory:

Hand Weapons
 a - a +1 hand axe (weapon)
Missiles
 l - 12 tomahawks (quivered)
Armour
 d - a +0 buckler (worn)
 e - a +0 chain mail (worn)
 h - a +0 helmet (worn)
Scrolls
 g - 3 scrolls of identify
 i - 2 scrolls of remove curse {unknown}
 j - a scroll of fear {unknown}
 k - a scroll of blinking {unknown}
 m - 2 scrolls of immolation {unknown}
 p - a scroll of magic mapping {unknown}
Potions
 b - 2 potions of brilliance
 f - 3 potions of degeneration {unknown}
 n - a potion of curing {unknown}
 o - a potion of agility {unknown}
 q - a potion of mutation {unknown}
Comestibles
 c - 4 rations


   Skills:
 + Level 3.6 Fighting
 + Level 2.6 Axes
 * Level 2.7 Armour
 + Level 0.7 Dodging
 * Level 3.7 Invocations


You had 4 spell levels left.
You didn't know any spells.

Dungeon Overview and Level Annotations

Branches:
Dungeon (3/15)

Altars:
Fedhas
Uskayaw


Innate Abilities, Weirdness & Mutations

You have hooves in place of feet.
Armour fits poorly on your strangely shaped body.
You cover ground very quickly.
You have extremely tough skin. (AC +3)


Message History

The gnoll hits you but does no damage. The gnoll hits you with a club.
* * * LOW HITPOINT WARNING * * *
Unknown command.
You completely miss the gnoll.
You kill the gnoll!
Lugonu accepts your kill.
Your shield and chain mail prevent you from hitting the gnoll.
You block the gnoll's attack.
Unknown command.
Your chain mail prevents you from hitting the gnoll.
The gnoll is heavily wounded.
The gnoll hits you but does no damage.
Your shield and chain mail prevent you from hitting the gnoll.
The gnoll is heavily wounded.
The gnoll hits you with a flail!
* * * LOW HITPOINT WARNING * * *
You hit the gnoll.
The gnoll is severely wounded.
The gnoll hits you with a flail!
You die...

#. ## #.. ##.# ... #..# ...
######...#######.#### ######..#
?..... #...........# #.......#
...# #.....g)##.# #.......# ##.#
#.....)@##.#####.......#
#..#######....#####.....†.).....#
........................†........
..#%g........#.......##.#........
....###.####...>..##....#........
.#.####.# #...##..###.......(..#
...#....# ##..###.#............#
.###.#### #.#...........####.#
.##..# #......)....### .


You could see a gnoll.

Vanquished Creatures
  Natasha (twice) (D:2)
  Terence (D:2)
  3 gnolls (D:3)
  2 adders (D:2)
  3 worms
  A dart slug (D:1)
  An orc (D:3)
  5 bats
  3 giant cockroaches
  4 hobgoblins
  2 jackals (D:3)
  A quokka (D:2)
  2 ball pythons (D:1)
  5 frilled lizards
  9 goblins
  4 kobolds
  9 rats
57 creatures vanquished.

Notes
Turn   | Place    | Note
-------+----------+-------------------------------------------
     0 | Abyss:1  | Gargoyl the Centaur Abyssal Knight began the quest for the Orb.
     0 | Abyss:1  | Reached XP level 1. HP: 19/19 MP: 2/2
    78 | Abyss:1  | Noticed a small abomination
    81 | Abyss:1  | Noticed a raiju
    82 | D:1      | Escaped the Abyss
    82 | D:1      | Noticed a ghoul
    82 | D:1      | Noticed a formicid
    83 | D:1      | Noticed a human
    84 | D:1      | Noticed a minotaur
    86 | D:1      | Noticed a centaur
    86 | D:1      | Noticed a dwarf
    88 | D:1      | Noticed a vine stalker
    89 | D:1      | Noticed an elf
    91 | D:1      | Noticed a felid
    93 | D:1      | Noticed a troll
    93 | D:1      | Noticed a naga
    95 | D:1      | Noticed a felid
    95 | D:1      | Noticed a dwarf
    96 | D:1      | Noticed a human
    97 | D:1      | Noticed an octopode
    99 | D:1      | Noticed a minotaur
   101 | D:1      | Noticed a dwarf
   103 | D:1      | Noticed an octopode
   173 | D:1      | Reached XP level 2. HP: 19/26 MP: 3/3
   244 | D:1      | Reached * piety under Lugonu
   690 | D:1      | Reached XP level 3. HP: 31/31 MP: 5/5
  1362 | D:2      | Found a blossoming altar of Fedhas.
  1440 | D:2      | Noticed Natasha
  1452 | D:2      | Killed Natasha
  1452 | D:2      | Reached XP level 4. HP: 22/38 MP: 6/6
  1733 | D:2      | Noticed Terence
  1745 | D:2      | Killed Terence
  1851 | D:2      | Reached ** piety under Lugonu
  2102 | D:3      | Found a hide-covered altar of Uskayaw.
  2341 | D:2      | Noticed Natasha
  2349 | D:2      | Killed Natasha
  2349 | D:2      | Reached XP level 5. HP: 46/46 MP: 7/7
  2371 | D:3      | HP: 2/46 [gnoll/flail (9)]
  2372 | D:3      | Mangled by a gnoll

Skill      XL: |  1  2  3  4 |
---------------+-------------+-----
Axes           | 2 |  2.6
Armour         | 2 |  2.7
Invocations    | 3 |  3.7
Fighting       | |  3.6
Dodging        | |  0.7

Action                   |  1- 3 |  4- 6 || total
-------------------------+-------+-------++-------
Melee: Hand axe          |   103 |    72 ||   175
       Kick              |    15 |    11 ||    26
Invok: Depart the Abyss  |     1 |       ||     1
  Use: Scroll            |     1 |       ||     1
  Eat: Chunk             |       |     4 ||     4
Armor: Chain mail        |    99 |    54 ||   153
       Leather armour    |     2 |       ||     2
Dodge: Dodged            |    21 |    13 ||    34
Block: Buckler           |     2 |     7 ||     9
